 Dungeon Crawl Stone Soup version 0.25.1-11-g244df3a29b (webtiles) character file.

Game seed: 1622182356344211936

113 oldriver the Poker (level 4, 0/37 HPs)
             Began as a Centaur Skald on Jan 1, 2023.
             Slain by a phantom (5 damage)
             ... on level 2 of the Dungeon.
             The game lasted 00:04:19 (1616 turns).

oldriver the Poker (Centaur Skald)                  Turns: 1616, Time: 00:04:20

Health: 0/37       AC:  5    Str: 14    XL:     4   Next: 65%
Magic:  6/6        EV:  9    Int: 12    God:
Gold:   50         SH:  0    Dex:  9    Spells: 5/6 levels left

rFire    . . .     SeeInvis .   a - +0 spear
rCold    . . .     Gourm    .   (no shield)
rNeg     . . .     Faith    .   b - +0 leather armour
rPois    .         Spirit   .   (no helmet)
rElec    .         Reflect  .   (no cloak)
rCorr    .         Harm     .   g - +0 pair of gloves
MR       .....                  (no barding)
Stlth    ..........             (no amulet)
HPRegen  0.12/turn              (no ring)
MPRegen  0.10/turn              (no ring)

@: very quick
A: large, hooves 3, deformed body, speed 2, tough skin 3
a: no special abilities


You were on level 2 of the Dungeon.
You were not hungry.

You visited 1 branch of the dungeon, and saw 3 of its levels.

You collected 50 gold pieces.

Inventory:

Hand Weapons
 a - a +0 spear (weapon)
Missiles
 f - 25 poisoned darts (quivered)
 n - 34 stones
Armour
 b - a +0 leather armour (worn)
 g - a +0 pair of gloves (worn)
 i - a +0 kite shield
Scrolls
 c - a scroll of remove curse {unknown}
 e - a scroll of magic mapping {unknown}
 j - a scroll of identify {unknown}
 k - a scroll of enchant weapon {unknown}
 m - a scroll of amnesia {unknown}
Comestibles
 d - 9 rations
 o - 4 chunks of flesh


   Skills:
 + Level 2.6 Fighting
 * Level 3.5 Polearms
 * Level 2.2 Throwing
 - Level 0.6 Armour
 - Level 1.3 Dodging
 - Level 1.5 Spellcasting
 - Level 2.6 Charms


You had 5 spell levels left.
You knew the following spells:

 Your Spells              Type           Power        Failure   Level  Hunger
a - Infusion              Chrm           #...         12%         1    ##.....

Your spell library contained the following spells:

 Spells                   Type           Power        Failure   Level  Hunger
 Song of Slaying          Chrm           #.......     19%         2    ###....
 Shroud of Golubria       Chrm/Tloc      #.....       32%         2    ###....
 Ozocubu's Armour         Chrm/Ice       #.......     54%         3    ####...
 Spectral Weapon          Hex/Chrm       #.......     54%         3    ####...


Dungeon Overview and Level Annotations

Branches:
Dungeon (3/15)

Altars:


Innate Abilities, Weirdness & Mutations

You have hooves in place of feet.
Armour fits poorly on your strangely shaped body.
You cover ground very quickly.
You have extremely tough skin. (AC +3)


Message History

Attack whom?
Press: ? - help, Dir - move target cursor, f - phantom
Aim: a phantom (almost destroyed)
You reach to attack!
You barely miss the phantom.
The phantom is almost destroyed.
Attack whom?
Press: ? - help, Dir - move target cursor, f/p - phantom
Aim: a phantom (almost destroyed)
You reach to attack!
You barely miss the phantom.
The phantom is almost destroyed.
You feel less wooden.
Your +0 pair of gloves unmelds from your body.
Your +0 leather armour unmelds from your body.
Attack whom?
Press: ? - help, Dir - move target cursor, f/p - phantom
Aim: a phantom (almost destroyed)
You hit the phantom. Your kick misses the phantom.
The phantom is almost destroyed.
The phantom hits you.
You die...

###################
#.)@W.............#
#(###############.#
#.......... ..#.#
#..######## #.#.#
#######..######## ##.#.#
#...............# #....#
#...............# #....#
#.)....÷........####....#
#>†§....................#.


You could see a phantom.

Vanquished Creatures
  An orc priest (D:2)
  An orc wizard (D:2)
  2 adders (D:2)
  4 dart slugs
  An orc (D:2)
  A ball python (D:1)
  7 bats
  2 giant cockroaches
  4 hobgoblins
  5 kobolds
  A frilled lizard (D:1)
  7 rats
36 creatures vanquished.

Notes
Turn   | Place    | Note
-------+----------+-------------------------------------------
     0 | D:1      | oldriver the Centaur Skald began the quest for the Orb.
     0 | D:1      | Reached XP level 1. HP: 17/17 MP: 3/3
    50 | D:1      | Reached skill level 2 in Polearms
   155 | D:1      | Reached XP level 2. HP: 21/24 MP: 4/4
   870 | D:2      | Reached skill level 3 in Polearms
   870 | D:2      | Reached XP level 3. HP: 9/29 MP: 0/5
  1225 | D:2      | Reached skill level 1 in Throwing
  1283 | D:2      | Noticed a phantom
  1523 | D:2      | Reached XP level 4. HP: 33/37 MP: 6/6
  1616 | D:2      | Slain by a phantom

Illustrated notes

Levels and vault maps discovered:
D:1:      saegor_arrival_simple_e, layout_basic, minmay_octomino_j4
D:2:      minmay_razor_zed, layout_basic, minmay_distorted, uniq_sigmund,
          uniq_natasha
D:3:      layout_basic, ebering_ghost_sewer_f, grunt_decor_clamped,
          lexackson_kobold_supper, uniq_terence

Skill      XL: |  1  2  3  4 |
---------------+-------------+-----
Polearms       | 2 3 |  3.5
Throwing       | 1 2 |  2.2
Fighting       | |  2.6
Armour         | |  0.6
Dodging        | |  1.3
Spellcasting   | |  1.5
Charms         | |  2.6

Action                   |  1- 3 |  4- 6 || total
-------------------------+-------+-------++-------
Melee: Spear             |   109 |    48 ||   157
       Kick              |    13 |     5 ||    18
Throw: Dart              |       |     1 ||     1
 Cast: Infusion          |     2 |       ||     2
  Use: Potion            |     1 |     2 ||     3
  Eat: Chunk             |     1 |     1 ||     2
Armor: Leather armour    |    30 |     5 ||    35
       Skin              |       |     9 ||     9
Dodge: Dodged            |    41 |     4 ||    45
